AoeStats
← vxd81097

Arena

510788401Analyzed
1v1 RM · 19h ago on Oct 2, 2026· 66m 0s· 2 players
Game mode
Random Map
Map size
Tiny (2 player)
Population
200
Speed
Normal
Resources
Standard
Victory
Conquest
Starting age
Dark Age
Ending age
Imperial Age
RankedLock teamsTeams togetherTeam positionsShared explorationLock speedFull tech treeHidden civsTurbo modeCheats
Victory
Defeat
🇵🇪 Japanese · Peru
437
+11
🇪🇸 Saxons · Spain
320
-11
VicenteGal7011
13:45 Feudal Age
14:09 Horse Collar
14:25 Gold Mining
14:25 Double-Bit Axe
21:07 Castle Age
19:53 Forging
19:46 Fletching
19:58 Scale Mail Armor
20:09 Stone Mining
22:27 Bow Saw
23:29 Heavy Plow
23:31 Murder Holes
23:18 Treadmill Crane
26:14 Wheelbarrow
25:25 Loom
25:43 Gambesons
25:44 Arson
26:59 Fortified Wall
27:16 Ballistics
29:52 Hand Cart
31:17 Clerical Recruitment
32:50 Town Watch
33:19 Forging
33:06 Bodkin Arrow
33:27 Chain Mail Armor
33:19 Scale Barding Armor
33:16 Padded Archer Armor
35:23 Iron Casting
35:03 Fortified Wall
35:04 Masonry
39:36 Imperial Age
37:27 Herbal Medicine
40:42 Block Printing
40:28 Devotion
40:40 Redemption
40:29 Cavalier
41:46 Squires
41:25 Sappers
42:32 Hoardings
42:40 Hoardings
42:29 Conscription
41:41 Light Cavalry
42:27 Husbandry
43:26 Gold Shaft Mining
43:57 Two-Man Saw
43:09 Bracer
43:30 Bloodlines
44:15 Hussar
45:44 Plate Mail Armor
45:37 Chain Barding Armor
45:35 Leather Archer Armor
45:58 Crop Rotation
46:44 Shield Wall
47:59 Elite Hearth Troop
49:32 Elite Varangian Guard
57:19 Theocracy
57:08 Faith
57:28 Architecture
57:59 Chemistry
57:36 Capped Ram
66:11 Siege Engineers
vxd81097
11:12 Feudal Age
12:05 Double-Bit Axe
13:10 Wheelbarrow
12:21 Loom
12:22 Town Watch
13:35 Horse Collar
22:16 Castle Age
20:38 Padded Archer Armor
20:43 Gold Mining
23:06 Bow Saw
23:00 Heavy Plow
23:38 Gold Shaft Mining
24:12 Crossbowman
26:50 Thumb Ring
29:00 Hand Cart
28:48 Fletching
29:23 Squires
28:45 Pikeman
30:30 Leather Archer Armor
34:05 Town Patrol
37:00 Imperial Age
37:22 Forging
37:13 Scale Mail Armor
37:10 Bodkin Arrow
39:42 Chemistry
39:04 Ballistics
38:52 Siege Engineers
38:45 Murder Holes
38:31 Treadmill Crane
39:54 Stone Mining
46:09 Elite Samurai
47:16 Kataparuto
47:17 Conscription
46:34 Arbalester
47:37 Stone Mining
47:19 Halberdier
49:15 Two-Man Saw
49:01 Gambesons
49:06 Arson
48:46 Elite Skirmisher
51:50 Masonry
Connection lost

Rejoining the realm…

Still unreachable

The connection could not be restored.

Session expired

The server has moved on; the page needs a fresh start.